 Dungeon Crawl Stone Soup version 0.22-b1-59-g0aedee734a (webtiles) character file.

125 3rdEnemy the Skirmisher (level 4, -1/39 HPs)
             Began as a Centaur Fighter on Aug 9, 2018.
             Killed from afar by an orc wizard (7 damage)
             ... with a magic dart
             ... on level 2 of the Dungeon.
             The game lasted 00:01:17 (1282 turns).

3rdEnemy the Skirmisher (Centaur Fighter)           Turns: 1282, Time: 00:01:17

Health: -1/39      AC:  6    Str: 20    XL:     4   Next: 82%
Magic:  4/4        EV:  5    Int:  7    God:
Gold:   66         SH:  8    Dex:  8    Spells: 3/3 levels left

rFire    . . .     SeeInvis .   a - +0 trident
rCold    . . .     Gourm    .   c - +0 shield
rNeg     . . .     Faith    .   b - +0 scale mail
rPois    .         Spirit   .   (no helmet)
rElec    .         Reflect  .   (no cloak)
rCorr    .         Harm     .   (no gloves)
MR       .....                  (no barding)
Stlth    ..........             (no amulet)
HPRegen  0.13/turn              (no ring)
MPRegen  0.09/turn              (no ring)

@: very quick
A: large, hooves 3, deformed body, speed 2, tough skin 3
a: no special abilities


You were on level 2 of the Dungeon.
You were hungry.

You visited 1 branch of the dungeon, and saw 2 of its levels.

You collected 66 gold pieces.

Inventory:

Hand Weapons
 a - a +0 trident (weapon)
Missiles
 o - 15 bolts
Armour
 b - a +0 scale mail (worn)
 c - a +0 shield (worn)
Scrolls
 g - a scroll of identify {unknown}
 h - a scroll of enchant weapon {unknown}
 j - a scroll of teleportation {unknown}
 k - a scroll of remove curse {unknown}
 l - a scroll of magic mapping {unknown}
 m - a scroll of amnesia {unknown}
 q - a scroll of random uselessness {unknown}
Potions
 d - a potion of might
 e - a potion of curing {unknown}
 n - a potion of ambrosia {unknown}
 p - a potion of heal wounds {unknown}
Comestibles
 f - 2 rations


   Skills:
 + Level 3.6 Fighting
 * Level 3.2 Polearms
 + Level 2.7 Armour
 + Level 2.6 Shields


You had 3 spell levels left.
You didn't know any spells.
Your spell library was empty.

Dungeon Overview and Level Annotations

Branches:
Dungeon (2/15)

Altars:

Annotations:
D:2 1 runed door


Innate Abilities, Weirdness & Mutations

You have hooves in place of feet.
Armour fits poorly on your strangely shaped body.
You cover ground very quickly.
You have extremely tough skin. (AC +3)


Message History

A puff of flame appears from out of thin air!
The puff of flame hits you!
You closely miss something. Something hits you but does no damage.
You hear some strange, mumbled words.
Something hits you but does no damage.
You completely miss something. Something hits you.
* * * LOW HITPOINT WARNING * * *
Something hits you but does no damage. x2; Something hits you.
* * * LOW HITPOINT WARNING * * *
You barely miss something. You kick something.
You feel yourself speed up. Something hits you but does no damage.
You hear some strange, mumbled words.
A magic dart appears from out of thin air!
The magic dart hits you!
* * * LOW HITPOINT WARNING * * *
You hear some strange, mumbled words.
A magic dart appears from out of thin air!
The magic dart hits you!
You die...

#................# #.#.#
.... #................#
#.#.# #.#.
#................# #.#.#
#.#. #................#
#.#.# .#.
#....)..)....##+## #.#.#
#...(....)...##+#####+#.#
#.................... ..#
############){.......
#.@....... #.........
#......... #.........
#......... #.........
#......... #.........


There were no monsters in sight!

Vanquished Creatures
  An orc wizard (D:2)
  Terence (D:2)
  Robin (D:2)
  A gnoll (D:1)
  3 dart slugs
  2 leopard geckos
  2 giant cockroaches
  10 goblins
  10 hobgoblins
  5 bats (D:1)
  A frilled lizard (D:2)
  3 kobolds
  2 rats (D:2)
42 creatures vanquished.

Notes
Turn   | Place    | Note
-------+----------+-------------------------------------------
     0 | D:1      | 3rdEnemy the Centaur Fighter began the quest for the Orb.
     0 | D:1      | Reached XP level 1. HP: 19/19 MP: 1/1
   147 | D:1      | Reached XP level 2. HP: 20/26 MP: 2/2
   432 | D:1      | Reached XP level 3. HP: 25/31 MP: 3/3
   870 | D:2      | Noticed Terence
   884 | D:2      | Killed Terence
   884 | D:2      | Reached XP level 4. HP: 31/38 MP: 4/4
   945 | D:2      | Found a runed door.
   982 | D:2      | Noticed Robin
  1021 | D:2      | Killed Robin
  1282 | D:2      | Killed from afar by an orc wizard

Skill      XL: |  1  2  3  4 |
---------------+-------------+-----
Polearms       | 2 3 |  3.2
Fighting       | |  3.6
Armour         | |  2.7
Shields        | |  2.6

Action                   |  1- 3 |  4- 6 || total
-------------------------+-------+-------++-------
Melee: Trident           |    79 |    43 ||   122
       Kick              |    14 |    10 ||    24
Armor: Scale mail        |    26 |    29 ||    55
Dodge: Dodged            |     7 |     9 ||    16
Block: Shield            |    17 |    31 ||    48
